 Dungeon Crawl Stone Soup version 0.28.0-47-ge53b351184 (webtiles) character file.

Game seed: 14873902992701681454

3326 klau3 the Basher (level 9, -19/79 (82) HPs)
             Began as a Minotaur Berserker on Apr 28, 2022.
             Was an Elder of Trog.
             Killed from afar by an acid dragon (31 damage)
             ... with a splash of acid
             ... on level 8 of the Dungeon on Apr 29, 2022.
             The game lasted 00:28:29 (7184 turns).

klau3 the Basher (Minotaur Berserker)               Turns: 7184, Time: 00:28:30

HP:   -19/79 (82)   AC:  9    Str: 25    XL:     9   Next: 71%
MP:   8/8           EV: 10    Int:  4    God:    Trog [****..]
Gold: 1371          SH:  0    Dex: 11    Spells: 8/8 levels left

rFire   . . .      SeeInvis .   K - +3 scimitar
rCold   . . .      Faith    .   (no shield)
rNeg    . . .      Spirit   .   A - +0 chain mail
rPois   .          Reflect  .   (helmet restricted)
rElec   .          Harm     .   (no cloak)
rCorr   .          Rampage  .   z - +0 pair of gloves
Will    .....                   c - +0 pair of boots
Stlth   ..........              (no amulet)
HPRegen 0.23/turn               (no ring)
MPRegen 0.11/turn               (no ring)

@: corroded, lightly drained
A: horns 2, retaliatory headbutt
a: Renounce Religion, Berserk, Trog's Hand, Brothers in Arms


You were on level 8 of the Dungeon.
You worshipped Trog.
Trog was greatly pleased with you.
You visited 1 branch of the dungeon, and saw 8 of its levels.

You collected 1371 gold pieces.

Inventory:

Hand Weapons
 a - a +0 falchion
 d - a +2 whip of electrocution
 h - a +0 hunting sling
 u - a +0 giant spiked club
 G - a +2 halberd of distortion
 K - a +3 scimitar (weapon)
 L - a +0 vorpal war axe
Missiles
 i - 42 bolts
 j - 69 sling bullets
 m - 78 stones (quivered)
 y - 113 arrows
Armour
 b - a +0 animal skin
 c - a +0 pair of boots (worn)
 g - a +0 ring mail of poison resistance
 x - a +0 chain mail
 z - a +0 pair of gloves (worn)
 A - a +0 chain mail (worn)
 H - +0 steam dragon scales
 I - a +0 pair of boots
Jewellery
 e - a +6 ring of intelligence
 t - an amulet of reflection
Wands
 r - a wand of iceblast (10)
 w - a wand of polymorph (7)
 B - a wand of flame (2)
 D - a wand of acid (11)
Scrolls
 l - a scroll of noise
 p - a scroll of enchant armour
 C - a scroll of fog {unknown}
 E - a scroll of magic mapping {unknown}
 F - a scroll of fear {unknown}
 J - a scroll of summoning {unknown}
Potions
 f - 2 potions of brilliance
 k - a potion of flight {unknown}
 n - 2 potions of haste {unknown}
 o - a potion of berserk rage {unknown}
 q - 6 potions of curing
 v - a potion of might {unknown}


   Skills:
 + Level 8.4 Fighting
 + Level 4.3 Long Blades
 + Level 10.3 Maces & Flails
 + Level 8.1 Armour
 + Level 5.2 Dodging
 + Level 2.0 Stealth
 + Level 1.1 Evocations


You had 8 spell levels left.
You didn't know any spells.
Your spell library contained the following spells:

 Spells                   Type           Power      Damage    Failure   Level
 Sandblast                Erth           0%         2d4       97%         1
 Slow                     Hex            0%         N/A       97%         1
 Passwall                 Tmut/Erth      0%         N/A       99%         2
 Confusing Touch          Hex            0%         N/A       100%        3
 Dazzling Flash           Conj/Hex       0%         N/A       100%        3
 Gell's Gravitas          Tloc           0%         N/A       100%        3
 Lesser Beckoning         Tloc           0%         N/A       100%        3
 Stone Arrow              Conj/Erth      0%         3d7       100%        3
 Teleport Other           Tloc           0%         N/A       100%        3
 Vampiric Draining        Necr           0%         2d6       100%        3
 Animate Dead             Necr           0%         N/A       100%        4
 Iskenderun's Mystic Bla  Conj/Tloc      0%         2d3       100%        4
 Starburst                Conj/Fire      0%         6d3       100%        6
 Haunt                    Necr/Summ      0%         N/A       100%        7
 Infestation              Necr           0%         N/A       100%        8


Dungeon Overview and Level Annotations

Branches:
Dungeon (8/15)             Temple (0/1) D:6
   Lair: D:8-11

Altars:
Xom

Shops:
D:5 (

Annotations:
D:3 1 runed translucent door, Crazy Yiuf


Innate Abilities, Weirdness & Mutations

You have a pair of horns on your head.
You reflexively headbutt those who attack you in melee.


Message History

A white imp comes into view.
The white imp shouts, "Flee, thou mangled tickle-brained buzzard-bait!"
The acid dragon spits acid at you. The splash of acid hits you!
The acid corrodes you! The acid dragon spits acid at you.
The splash of acid hits you!!
You feel much better. The acid dragon spits acid at you.
The splash of acid hits you! The acid corrodes you!
The acid dragon spits acid at you. The splash of acid hits you!!
* * * LOW HITPOINT WARNING * * *
The acid corrodes you!
You feel much better.
The acid dragon bites you but does no damage.
The acid dragon closely misses you.
You closely miss the acid dragon.
The acid dragon is moderately wounded.
The acid dragon closely misses you.
The acid dragon claws you but does no damage.
The acid dragon spits acid at you. The splash of acid hits you!!
* * * LOW HITPOINT WARNING * * *
You feel better. The acid dragon spits acid at you.
The splash of acid hits you!
* * * LOW HITPOINT WARNING * * *
The acid dragon bites you.
* * * LOW HITPOINT WARNING * * *
The acid dragon closely misses you.
You feel better. The acid dragon barely misses you.
The acid dragon claws you but does no damage.
The acid dragon spits acid at you. The splash of acid hits you!
* * * LOW HITPOINT WARNING * * *
The acid corrodes you!
You feel better. The acid dragon spits acid at you.
The splash of acid hits you!!
You die...

#.# #.# #5# #K# #######
#.# #K5...#
#.############.###5#
#.........5....# #.#
##################5#####.#
#.....@D........
#.######.#####.# #.# #.#
#.# #.# #.# #.# #.# #.# #
#<# ####.#.# #.# #......#
#.# #.##.###


You could see an acid dragon (catching breath) and a white imp.

Vanquished Creatures
  Maggie (D:7)
  A komodo dragon (D:6)
  Prince Ribbit (D:5)
  Sigmund (D:3)
  Eustachio (D:5)
  2 sky beasts
  2 necrophages
  5 ogres
  A phantom (D:5)
  3 centaurs
  A kobold brigand (D:7)
  4 scorpions
  A water moccasin zombie (D:7)
  2 wyvern skeletons
  5 wights (D:7)
  A howler monkey (D:7)
  2 hounds (D:6)
  2 jellies
  4 orc priests
  2 centaur skeletons
  3 iguanas
  An orc wizard (D:7)
  A hound skeleton (D:4)
  A howler monkey zombie (D:5)
  3 adders
  A shadow imp (D:7)
  A white imp (D:3)
  An adder skeleton (D:4)
  A worm (D:5)
  2 dart slugs
  12 orcs
  8 ball pythons
  3 bats (D:1)
  8 endoplasms
  8 goblins
  7 hobgoblins
  2 quokkas (D:5)
  A frilled lizard (D:1)
  10 kobolds
  A rat (D:3)
117 creatures vanquished.

Notes
Turn   | Place    | Note
-------+----------+-------------------------------------------
     0 | D:1      | klau3 the Minotaur Berserker began the quest for the Orb.
     0 | D:1      | Reached XP level 1. HP: 19/19 MP: 0/0
   313 | D:1      | Reached XP level 2. HP: 27/27 MP: 1/1
   971 | D:2      | Reached XP level 3. HP: 33/33 MP: 2/2
  1647 | D:2      | Reached skill level 1 in Maces & Flails
  1673 | D:3      | Reached XP level 4. HP: 34/41 MP: 3/3
  1674 | D:3      | Reached ** piety under Trog
  1709 | D:3      | Found a faded altar of an unknown god.
  2251 | D:3      | Noticed Sigmund
  2258 | D:3      | Killed Sigmund
  2259 | D:3      | Reached skill level 5 in Fighting
  2259 | D:3      | Reached skill level 3 in Maces & Flails
  2259 | D:3      | Reached skill level 1 in Stealth
  2259 | D:3      | Reached XP level 5. HP: 43/48 MP: 4/4
  2338 | D:3      | Found a runed translucent door.
  2339 | D:3      | Noticed Crazy Yiuf
  2833 | D:4      | Noticed a necrophage
  2839 | D:4      | Killed a necrophage
  2840 | D:4      | Reached XP level 6. HP: 56/56 MP: 5/5
  2962 | D:4      | Reached skill level 4 in Maces & Flails
  2967 | D:4      | Reached skill level 5 in Armour
  3442 | D:4      | Reached XP level 7. HP: 54/61 MP: 6/6
  3491 | D:5      | Entered Level 5 of the Dungeon
  3553 | D:5      | Reached skill level 5 in Maces & Flails
  3939 | D:5      | Noticed Prince Ribbit
  3953 | D:5      | Killed Prince Ribbit
  3954 | D:5      | Reached skill level 6 in Maces & Flails
  3954 | D:5      | Reached XP level 8. HP: 48/70 MP: 7/7
  4008 | D:5      | Noticed Eustachio
  4037 | D:5      | Killed Eustachio
  4068 | D:5      | Identified a scroll of acquirement
  4068 | D:5      | Acquired 1089 gold pieces
  4317 | D:5      | Found Plog's Antique Weapon Shoppe.
  4437 | D:6      | Reached *** piety under Trog
  4455 | D:6      | Reached skill level 7 in Maces & Flails
  4807 | D:6      | Found a staircase to the Ecumenical Temple.
  5056 | D:6      | Found an opulent altar of Gozag.
  5058 | D:6      | Found a shimmering altar of Xom.
  5058 | D:6      | Found a hazy altar of Hepliaklqana.
  5060 | D:6      | Found a shadowy altar of Dithmenos.
  5060 | D:6      | Found a sparkling altar of Nemelex Xobeh.
  5060 | D:6      | Found an opulent altar of Gozag.
  5299 | D:6      | Reached skill level 8 in Maces & Flails
  5895 | D:6      | Reached XP level 9. HP: 71/79 MP: 8/8
  5988 | D:7      | Noticed a komodo dragon
  6216 | D:7      | Noticed Maggie
  6230 | D:7      | Killed Maggie
  6231 | D:7      | Reached skill level 9 in Maces & Flails
  6231 | D:7      | Reached skill level 5 in Dodging
  6311 | D:6      | Killed a komodo dragon
  6606 | D:7      | Reached skill level 10 in Maces & Flails
  6619 | D:7      | Reached skill level 1 in Evocations
  6626 | D:7      | Reached **** piety under Trog
  7173 | D:8      | HP: 3/79 [acid dragon (5)]
  7184 | D:8      | Killed from afar by an acid dragon

Illustrated notes

Levels and vault maps discovered:
D:1:      wander_arrival_abandoned_jail, layout_basic
D:2:      layout_basic, serial_aquarium, aquarium_bridge_square
          [aquarium_subvault_wall, aquarium_subvault_bridge,
          aquarium_subvault_wall, aquarium_subvault_wall],
          aquarium_bridge_square [aquarium_subvault_bridge,
          aquarium_subvault_wall, aquarium_subvault_wall,
          aquarium_subvault_wall], aquarium_window_corner, aquarium_window_2,
          aquarium_window_1, aquarium_view_2d, aquarium_view_2f,
          aquarium_balcony_double_4, aquarium_pool_2
D:3:      layout_basic, hellmonk_ecumenical_altar_prayer_group,
          minmay_misc_feat_four_crosses, minmay_strange_pillars, minmay_vboxes,
          uniq_crazy_yiuf_cottage, uniq_sigmund
D:4:      layout_basic
D:5:      layout_basic, serial_shops, shop, minmay_door_square,
          minmay_misc_feat_five, uniq_prince_ribbit1, uniq_eustachio
D:6:      layout_layer_cave, doesnt_xom_only_xom,
          minmay_temple_entry_large_hall, minmay_holes
D:7:      layout_rooms, grunt_ministairs_15, uniq_maggie
D:8:      layout_basic, minmay_checkerbox

Skill      XL: |  1  2  3  4  5  6  7  8  9 |
---------------+----------------------------+-----
Fighting       | 4 5 6 7 8 |  8.4
Long Blades    | 4 |  4.3
Maces & Flails | 1 3 4 6 8 10 | 10.3
Armour         | 3 4 5 6 7 8 |  8.1
Stealth        | 1 2 |  2.0
Dodging        | 3 4 5 |  5.2
Evocations     | 1 |  1.1

Action                   |  1- 3 |  4- 6 |  7- 9 || total
-------------------------+-------+-------+-------++-------
Melee: Whip              |    52 |    63 |   194 ||   309
       Headbutt          |     2 |    12 |    41 ||    55
       Punch             |       |       |     2 ||     2
       Scimitar          |       |       |     5 ||     5
Evoke: Wand              |       |       |     7 ||     7
  Use: Scroll            |       |     2 |     8 ||    10
       Potion            |       |       |     6 ||     6
Armor: Animal skin       |     4 |       |       ||     4
       Ring mail         |     8 |    25 |    46 ||    79
       Skin              |     1 |       |       ||     1
       Chain mail        |       |       |    32 ||    32
Dodge: Dodged            |    49 |    39 |   113 ||   201
